 Dungeon Crawl Stone Soup version 0.31.0-32-g396128a36d (webtiles) character file.

Game seed: 8632436934350569374

2999 PaiMei the Merchant of Misery (level 9, -9/61 (63) HPs)
             Began as a Demonspawn Necromancer on Apr 1, 2024.
             Was a Believer of Kikubaaqudgha.
             Mangled by a two-headed ogre
             ... wielding a +0 giant spiked club
              (18 damage)
             ... on level 7 of the Dungeon.
             The game lasted 00:14:04 (9607 turns).

PaiMei the Merchant of Misery (DsNe)                Turns: 9607, Time: 00:14:04

HP:   -9/61 (63)    AC:  8    Str:  8    XL:     9   Next: 54%
MP:   18/28         EV: 11    Int: 21    God:    Kikubaaqudgha [**....]
Gold: 400           SH: 11    Dex: 13    Spells: 13/21 levels left

rFire   . . .        p - +2 dagger (elec)
rCold   . . .        t - +2 kite shield {AC+3}
rNeg    . . .        a - +0 robe
rPois   .            o - +0 helmet
rElec   .            (no cloak)
rCorr   .            s - +0 pair of gloves
SInv    .            c - +0 pair of boots
Will    .....        (no amulet)
Stlth   ++           i - ring of magical power
HPRegen 0.30/turn    (no ring)
MPRegen 0.21/turn

%: no passive effects
@: lightly drained
A: powered by death 1, demonic magic 1, weakness stinger 2
a: Renounce Religion, Unearth Wretches


You were on level 7 of the Dungeon.
You worshipped Kikubaaqudgha.
Kikubaaqudgha was pleased with you.
You visited 2 branches of the dungeon, and saw 9 of its levels.

You collected 400 gold pieces.

Inventory:

Hand Weapons
 f - a +1 dagger of venom
 n - a +2 dagger of draining
 p - a +2 dagger of electrocution (weapon)
 y - a +1 short sword of flaming
Armour
 a - a +0 robe (worn)
 c - a +0 pair of boots (worn)
 g - a +0 buckler
 o - a +0 helmet (worn)
 s - a +0 pair of gloves (worn)
 t - a +2 kite shield of protection (worn)
Magical Staves
 B - a staff of death
Jewellery
 i - a ring of magical power (left hand)
 j - an amulet of faith
Wands
 v - a wand of quicksilver (9)
 F - a wand of iceblast (7)
Scrolls
 e - a scroll of acquirement {unknown}
 h - a scroll of enchant weapon {unknown}
 k - a scroll of poison {unknown}
 l - 6 scrolls of identify {unknown}
 q - a scroll of fear {unknown}
 r - a scroll of amnesia {unknown}
 w - 2 scrolls of immolation {unknown}
 x - a scroll of blinking {unknown}
 C - a scroll of teleportation {unknown}
 E - 3 scrolls of torment {unknown}
 G - a scroll of revelation {unknown}
 H - a scroll of noise {unknown}
 I - a scroll of vulnerability {unknown}
 K - a scroll of silence {unknown}
Potions
 b - a potion of magic
 d - a potion of curing {unknown}
 m - a potion of haste {unknown}
 u - a potion of enlightenment {unknown}
 z - a potion of might {unknown}
 A - a potion of brilliance {unknown}
 D - a potion of invisibility {unknown}
 J - a potion of attraction {unknown}


   Skills:
 - Level 3.1 Fighting
 - Level 4.2 Dodging
 - Level 4.0 Stealth
 + Level 5.1 Shields
 + Level 6.8 Spellcasting
 + Level 9.0 Necromancy


You had 13 spell levels left.
You knew the following spells:

 Your Spells              Type           Power      Damage    Failure   Level
a - Necrotise             Necr           100%       1d9       1%          1
b - Vampiric Draining     Necr           45%        2d9       3%          3
c - Animate Dead          Necr           45%        N/A       11%         4

Your spell library contained the following spells:

 Spells                   Type           Power      Damage    Failure   Level
 Fugue of the Fallen      Necr           45%        N/A       3%          3
 Kiss of Death            Conj/Necr      100%       2d13      7%          1
 Cigotuvi's Dreadful Rot  Necr/Alch/Air  38%        N/A       21%         2
 Curse of Agony           Necr           45%        N/A       30%         5
 Apportation              Tloc           14%        N/A       41%         1
 Magic Dart               Conj           28%        1d4       41%         1
 Blink                    Tloc           14%        N/A       56%         2
 Call Imp                 Summ           14%        N/A       56%         2
 Jinxbite                 Hex            14%        N/A       56%         2
 Searing Ray              Conj           14%        2d5       56%         2
 Hailstorm                Conj/Ice       7%         3d5       80%         3
 Stone Arrow              Conj/Erth      14%        3d7       80%         3
 Summon Ice Beast         Ice/Summ       7%         N/A       80%         3
 Animate Armour           Summ/Erth      14%        N/A       99%         4
 Fulminant Prism          Conj/Alch      3%         3d5       99%         4
 Alistair's Intoxication  Alch           4%         N/A       100%        5
 Sculpt Simulacrum        Ice/Alch       3%         N/A       100%        6
 Lehudib's Crystal Spear  Conj/Erth      3%         10d3      100%        8


Dungeon Overview and Level Annotations

Branches:
Dungeon (8/15)             Temple (1/1) D:6
   Lair: D:8-11

Altars:
Cheibriados
Dithmenos
Fedhas
Gozag
Hepliaklqana
Kikubaaqudgha
Makhleb
Nemelex Xobeh
Okawaru
Ru
Sif Muna
Trog
Vehumet
Yredelemnul

Shops:
D:7 :

Annotations:
D:5 2 transporters, Tripartite's ghost, weakling MfDe
D:6 3 runed translucent doors, safid's ghost, novice DrSh


Innate Abilities, Weirdness & Mutations

You regenerate a little health from kills.
Spells you cast may paralyse adjacent enemies.
You have a tail ending in a sharp stinger.


Message History

Confirm with . or Enter, or press ? or * to list all spells.
Aiming: Necrotise (safe; 1% risk of failure)
Press: ? - help, Shift-Dir - straight line, f/p - two-headed ogre
Aim: a two-headed ogre, wielding a +0 giant spiked club and a +0 dire flail (chance to affect: 70%)
The two-headed ogre struggles to resist.
Malevolent energies surge around you.
You barely miss the two-headed ogre. The two-headed ogre barely misses you.
The two-headed ogre hits you with a +0 dire flail!
The two-headed ogre hits you with a +0 giant spiked club!!
The two-headed ogre hits you with a +0 dire flail!!
* * * LOW HITPOINT WARNING * * *
You climb upwards.
There is a stone staircase leading down here.
Casting: Necrotise (safe; 1% risk of failure)
Confirm with . or Enter, or press ? or * to list all spells.
Aiming: Vampiric Draining (dangerous; 3% risk of failure)
Press: ? - help, Shift-Dir - straight line, f - two-headed ogre
Aim: a two-headed ogre, wielding a +0 giant spiked club and a +0 dire flail You draw life force from the two-headed ogre!
You feel life coursing into your body. Malevolent energies surge around you.
Casting: Vampiric Draining (dangerous; 3% risk of failure)
Confirm with . or Enter, or press ? or * to list all spells.
Aiming: Vampiric Draining (dangerous; 3% risk of failure)
Press: ? - help, Shift-Dir - straight line, f/p - two-headed ogre
Aim: a two-headed ogre, wielding a +0 giant spiked club and a +0 dire flail (lightly wounded)
You draw life force from the two-headed ogre!
You feel life coursing into your body. Malevolent energies surge around you.
You block the two-headed ogre's attack.
The two-headed ogre hits you with a +0 dire flail!
* * * LOW HITPOINT WARNING * * *
Casting: Vampiric Draining (dangerous; 3% risk of failure)
Confirm with . or Enter, or press ? or * to list all spells.
Aiming: Vampiric Draining (dangerous; 3% risk of failure)
Press: ? - help, Shift-Dir - straight line, f/p - two-headed ogre
Aim: a two-headed ogre, wielding a +0 giant spiked club and a +0 dire flail (moderately wounded)
You draw life force from the two-headed ogre!
You feel life coursing into your body! Malevolent energies surge around you.
The two-headed ogre hits you with a +0 giant spiked club!!
You die...
Kikubaaqudgha rasps: "You have failed me!
Welcome... death!"

.#............#.#(# #.# #
......######..#.#.####.##########
...#...# #..#.#......#......)..
...#...# #..#.#####..#.########
...#...## #..#.....)..#.#.......
####....# #.......##).#.#.######
#..#.####..####[##..#.#.### #
#...........O##.....#.#...# # ##
##.##........@#####.#.#.#.# # .#
##.##.##.##########.#.###.# #
.###...#.##.#.........)#..[..# #
.......#.##.#.########....#### #
.###...#.##.#.##########.#### #
...#..##.##.#............#..# #
##.#.)##.##.##############..# #
......##.##.# #..........# #
.#....##.##.# #.######...# #


You could see a two-headed ogre.

Vanquished Creatures
  Sigmund (D:4)
  A wraith (D:6)
  A steam dragon (D:5)
  2 sky beasts
  2 black bears (D:6)
  An ice beast (D:5)
  Pargi (D:3)
  2 ogres
  3 phantoms
  A bullfrog (D:6)
  3 scorpions
  7 wights (D:7)
  A howler monkey (D:4)
  4 bombardier beetles
  An orc priest (D:6)
  5 hounds
  A gnoll bouda (D:7)
  Jessica (D:3)
  Natasha (thrice) (D:2)
  3 iguanas
  8 orc wizards
  4 gnolls
  3 adders
  3 shadow imps
  4 white imps
  4 ufetubi
  A ribbon worm (D:4)
  2 dart slugs (D:4)
  23 orcs
  6 bats
  14 endoplasms
  A giant cockroach (D:4)
  9 goblins
  8 hobgoblins
  3 jackals (D:3)
  3 quokkas
  8 ball pythons
  2 frilled lizards (D:1)
  9 kobolds
  2 rats (D:3)
161 creatures vanquished.

Vanquished Creatures (collateral kills)
  A goblin (D:2)
  A jackal (D:3)
  A kobold (D:1)
3 creatures vanquished.

Grand Total: 164 creatures vanquished

Notes
Turn   | Place    | Note
-------+----------+-------------------------------------------
     0 | D:1      | PaiMei the Demonspawn Necromancer began the quest for the
                  | Orb.
     0 | D:1      | Reached XP level 1. HP: 13/13 MP: 3/3
   138 | D:1      | Gained mutation: Spells you cast may paralyse adjacent
                  | enemies. [demonic ancestry]
   138 | D:1      | Reached XP level 2. HP: 13/19 MP: 1/5
   514 | D:1      | Found a faded altar of an unknown god.
   790 | D:2      | Reached XP level 3. HP: 24/24 MP: 6/6
   969 | D:2      | Noticed Natasha
   986 | D:2      | Killed Natasha
  1088 | D:2      | Noticed Natasha
  1262 | D:2      | Killed Natasha
  1263 | D:2      | Reached skill level 5 in Necromancy
  1263 | D:2      | Gained mutation: You have a small tail. [demonic ancestry]
  1263 | D:2      | Reached XP level 4. HP: 30/30 MP: 8/8
  1378 | D:2      | Noticed Natasha
  1385 | D:2      | Killed Natasha
  1941 | D:3      | Noticed Jessica
  1966 | D:3      | Reached XP level 5. HP: 7/35 MP: 9/9
  2084 | D:3      | Killed Jessica
  2882 | D:4      | Noticed Sigmund
  2999 | D:4      | Noticed an ogre
  3006 | D:4      | Killed an ogre
  3007 | D:4      | Reached XP level 6. HP: 24/41 MP: 11/11
  3084 | D:4      | Found an ancient bone altar of Kikubaaqudgha.
  3089 | D:4      | Learned a level 3 spell: Vampiric Draining
  3096 | D:4      | Became a worshipper of Kikubaaqudgha
  3293 | D:4      | Found a shimmering blue altar of Sif Muna.
  3457 | D:4      | Killed Sigmund
  3567 | D:4      | Gained mutation: You have a tail ending in a sharp stinger.
                  | [demonic ancestry]
  3567 | D:4      | Reached XP level 7. HP: 46/46 MP: 12/12
  3689 | D:4      | Noticed Pargi
  3692 | D:4      | Reached skill level 6 in Necromancy
  3702 | D:3      | Killed Pargi
  3703 | D:3      | Reached skill level 1 in Fighting
  4112 | D:4      | Reached * piety under Kikubaaqudgha
  4112 | D:4      | Received a gift from Kikubaaqudgha
  4263 | D:4      | Found a sparkling altar of Nemelex Xobeh.
  4323 | D:5      | Entered Level 5 of the Dungeon
  4571 | D:5      | Noticed Tripartite's ghost (weakling MfDe)
  4578 | D:5      | Reached skill level 1 in Shields
  4644 | D:5      | Found a transporter.
  4756 | D:5      | Found a transporter.
  4774 | D:5      | Gained mutation: You regenerate a little health from kills.
                  | [demonic ancestry]
  4774 | D:5      | Reached XP level 8. HP: 57/57 MP: 14/14
  5050 | D:5      | Found a radiant altar of Vehumet.
  5097 | D:5      | Reached skill level 7 in Necromancy
  5181 | D:5      | Reached skill level 5 in Spellcasting
  5978 | D:6      | Noticed safid's ghost (novice DrSh)
  5989 | D:6      | Found a runed translucent gate.
  5989 | D:6      | Found a runed translucent gate.
  5990 | D:6      | Found a runed translucent gate.
  6323 | D:6      | Reached skill level 8 in Necromancy
  6333 | D:6      | Reached XP level 9. HP: 49/63 MP: 15/17
  6473 | D:6      | Learned a level 4 spell: Animate Dead
  7166 | D:6      | Found a staircase to the Ecumenical Temple.
  7216 | Temple   | Entered the Ecumenical Temple
  7870 | D:7      | Found Cyk Ryt's Book Boutique.
  7998 | D:7      | Reached ** piety under Kikubaaqudgha
  8706 | D:7      | Reached skill level 5 in Shields
  8776 | D:7      | HP: 1/58 [wight/+3 scimitar (10)]
  8778 | D:7      | Reached skill level 9 in Necromancy
  9562 | D:8      | Noticed a two-headed ogre
  9606 | D:7      | HP: 1/61 [two-headed ogre/+0 giant spiked club (17)]
  9607 | D:7      | Mangled by a two-headed ogre

Illustrated notes

Levels and vault maps discovered:
D:1:      nicolae_arrival_washed_ashore, layout_rooms,
          shapermc_ecumenical_altar_acropolis, minmay_misc_feat_square
D:2:      layout_loops_ring, uniq_natasha
D:3:      layout_basic, uniq_jessica
D:4:      minmay_octagon_keep, layout_loops_cross, nemelex_dance_club_becter,
          mainiacjoe_overflow_surrounded_room, kennysheep_little_box,
          uniq_pargi, uniq_sigmund
D:5:      layout_basic, nicolae_vehumet_altar_sigil, gammafunk_ghost_arena
D:6:      layout_rooms, mainiacjoe_overflow_catwalk_spiral,
          minmay_temple_entry_poolview, gammafunk_ghost_split,
          roderic_malta_cross, st_stairs_5, minmay_increasing_density
D:7:      layout_basic, serial_shops, nicolae_shop_behind_doors
D:8:      layout_rooms, nicolae_uskayaw_en_pointe, due_lair_maze_entry_diamond,
          grunt_decor_resistance, nicolae_fountain_basement
Temple:   minmay_temple_curvy_loop

Skill      XL: |  1  2  3  4  5  6  7  8  9 |
---------------+----------------------------+-----
Stealth        | 2 3 4 |  4.0
Dodging        | 2 3 4 |  4.2
Necromancy     | 5 6 8 9 |  9.0
Spellcasting   | 3 4 5 6 |  6.8
Fighting       | 2 3 |  3.1
Shields        | 1 3 5 |  5.1

Action                     |  1- 3 |  4- 6 |  7- 9 || total
---------------------------+-------+-------+-------++-------
  Melee: Dagger            |     5 |    24 |   241 ||   270
         Unarmed           |     2 |       |       ||     2
         Short sword       |     1 |       |       ||     1
         Tailslap          |       |     4 |    25 ||    29
         Punch             |       |       |     1 ||     1
   Cast: Necrotise         |    59 |    77 |    90 ||   226
         Vampiric Draining |       |     4 |    58 ||    62
   Stab: Paralysed         |       |     4 |    11 ||    15
         Distracted        |       |       |     1 ||     1
 Armour: Robe              |    25 |    47 |   181 ||   253
  Dodge: Dodged            |    16 |    52 |   137 ||   205
  Block: Kite shield       |       |       |    66 ||    66
